 Dungeon Crawl Stone Soup version bcrawl-1.12-11-gb93c957c58 (webtiles) character file.

Game seed: 12439152665420621403

192 Chiseanne the Shield-Bearer (level 5, -1/38 HPs)
             Began as a Mummy Archaeologist on July 5, 2019.
             Slain by a scorpion (4 damage)
             ... on level 4 of the Dungeon.
             The game lasted 00:06:20 (2976 turns).

Chiseanne the Shield-Bearer (Mummy Archaeologist)   Turns: 2976, Time: 00:06:21

Health: -1/38      AC: 10    Str: 14    XL:     5   Next: 42%
Magic:  5/5        EV: 11    Int: 16    God:
Gold:   139        SH:  0    Dex: 12    Spells: 4/4 levels left

rFire    x . .     SeeInvis .   j - +0 mace
rCold    + . .     Gourm    .   (no shield)
rNeg     + + +     Faith    .   n - +0 ring mail
rPois    ∞         Spirit   .   b - +1 hat
rElec    .         Reflect  .   (no cloak)
rCorr    .         Harm     .   d - +1 pair of gloves
MR       .....     Clarity  +   c - +1 pair of boots
Stlth    +.........             (no amulet)
HPRegen  0.12/turn              i - +3 ring of intelligence
MPRegen  0.09/turn              (no ring)

@: studying Shields
A: no food or potions, fire vulnerability, clarity, cold resistance 1, negative
energy resistance 3, torment resistance, unbreathing
a: no special abilities


You were on level 4 of the Dungeon.
You were not hungry.

You visited 1 branch of the dungeon, and saw 4 of its levels.

You collected 139 gold pieces.

Inventory:

Hand Weapons
 g - a +0 club
 j - a +0 mace (weapon)
 o - a +0 war axe
Missiles
 a - 55 tomahawks
 k - 283 stones (quivered)
Armour
 b - a +1 hat (worn)
 c - a +1 pair of boots (worn)
 d - a +1 pair of gloves (worn)
 n - a +0 ring mail (worn)
 p - a +0 scale mail
Jewellery
 i - a +3 ring of intelligence (left hand)
 m - an uncursed ring of stealth {unknown}
Scrolls
 h - a scroll of fog
 l - 2 scrolls of magic mapping
Books
 e - a manual of Shields
Miscellaneous
 f - an ancient crate


   Skills:
 - Level 2.2 Fighting
 - Level 3.0 Dodging
 - Level 2.6 Stealth
 * Level 5.2 Shields


You had 4 spell levels left.
You didn't know any spells.
Your spell library was empty.

Dungeon Overview and Level Annotations

Branches:
Dungeon (4/12)
 Temple: D:4-7

Altars:
Fedhas
Wu Jian

Annotations:
D:2 Terence
D:3 Ijyb, Sigmund


Innate Abilities, Weirdness & Mutations

You do not eat or drink.
Your flesh is vulnerable to fire.
You are immune to poison.
You possess an exceptional clarity of mind.
Your flesh is cold resistant. (rC+)
You are immune to negative energy. (rN+++)
You are immune to unholy pain and torment.
You can survive without breathing.


Message History

* * * LOW HITPOINT WARNING * * *
You hit the scorpion.
The scorpion is severely wounded.
The scorpion stings you.
* * * LOW HITPOINT WARNING * * *
The scorpion stings you.
* * * LOW HITPOINT WARNING * * *
You hit the scorpion.
The scorpion is almost dead.
The scorpion stings you but does no damage.
You hit the scorpion but do no damage.
The scorpion is almost dead.
The scorpion stings you but does no damage. x2
You closely miss the scorpion.
The scorpion is almost dead.
The scorpion stings you but does no damage.
You hit the scorpion but do no damage.
The scorpion is almost dead.
The scorpion stings you.
You die...

.# .## ..##
... .. .#
###s# #<@.#
..........#
####.###..#
.. .....
..# ....##
# ###.P+
###


You could see a scorpion.

Vanquished Creatures
  An orc wizard (D:3)
  A centaur skeleton (D:3)
  A worker ant (D:2)
  5 adders
  3 dart slugs
  3 leopard geckos
  4 orcs
  3 ball pythons
  2 bats (D:2)
  2 giant cockroaches (D:2)
  11 hobgoblins
  2 quokkas
  3 frilled lizards
  6 goblins
  4 kobolds
  8 rats
59 creatures vanquished.

Notes
Turn   | Place    | Note
-------+----------+-------------------------------------------
     0 | D:1      | Chiseanne the Mummy Archaeologist began the quest for the
                  | Orb.
     0 | D:1      | Reached XP level 1. HP: 15/15 MP: 1/1
   457 | D:1      | Reached XP level 2. HP: 15/21 MP: 2/2
  1290 | D:2      | Reached XP level 3. HP: 13/27 MP: 3/3
  1485 | D:2      | Reached skill level 1 in Shields
  1764 | D:2      | Reached skill level 2 in Shields
  1810 | D:2      | Noticed Terence
  2097 | D:2      | Reached skill level 3 in Shields
  2097 | D:2      | Reached XP level 4. HP: 28/33 MP: 4/4
  2361 | D:3      | Noticed Ijyb
  2499 | D:3      | Found an ornate altar of the Wu Jian Council.
  2557 | D:3      | Found a blossoming altar of Fedhas.
  2567 | D:3      | Reached skill level 4 in Shields
  2593 | D:3      | Reached XP level 5. HP: 36/38 MP: 5/5
  2724 | D:3      | Noticed Sigmund
  2798 | D:3      | Reached skill level 5 in Shields
  2976 | D:4      | Slain by a scorpion

Skill      XL: |  1  2  3  4  5 |
---------------+----------------+-----
Fighting       | 2 |  2.2
Dodging        | 3 |  3.0
Shields        | 3 4 5 |  5.2
Stealth        | |  2.6

Action                   |  1- 3 |  4- 6 || total
-------------------------+-------+-------++-------
Melee: Unarmed           |    50 |       ||    50
       Club              |    54 |       ||    54
       Mace              |    87 |   127 ||   214
Throw: Stone             |     2 |     2 ||     4
  Use: Scroll            |     4 |     1 ||     5
 Stab: Sleeping          |     3 |     2 ||     5
       Distracted        |     1 |       ||     1
Armor: Robe              |    67 |     9 ||    76
       Ring mail         |       |    57 ||    57
Dodge: Dodged            |   131 |    79 ||   210
